 Dungeon Crawl Stone Soup version 0.29-a0-993-g4a18f31a58 (webtiles) character file.

Game seed: 13224509373617653850

67 ytrimaz the Chopper (level 4, -11/35 HPs)
             Began as a Formicid Fighter on Aug 3, 2022.
             Mangled by a gnoll
             ... wielding a +2 halberd of protection
              (12 damage)
             ... on level 3 of the Dungeon.
             The game lasted 00:02:02 (1585 turns).

ytrimaz the Chopper (Formicid Fighter)              Turns: 1585, Time: 00:02:03

Health: -11/35     AC:  8    Str: 23    XL:     4   Next: 40%
Magic:  4/4        EV:  9    Int:  7    God:
Gold:   108        SH:  5    Dex: 13    Spells: 3/3 levels left

rFire   . . .      SeeInvis +   a - +0 war axe
rCold   . . .      Faith    .   c - +0 buckler
rNeg    . . .      Spirit   .   b - +0 scale mail
rPois   .          Reflect  .   (helmet unavailable)
rElec   .          Harm     .   n - +0 cloak
rCorr   .          Rampage  .   (no gloves)
Will    +....                   (no boots)
Stlth   ..........              (no amulet)
HPRegen 0.11/turn               l - ring of willpower
MPRegen 0.09/turn               (no ring)

@: mighty
A: permanent stasis, dig shafts and tunnels, antennae 3, four strong arms
a: Dig, Shaft Self


You were on level 3 of the Dungeon.
You visited 1 branch of the dungeon, and saw 3 of its levels.

You collected 108 gold pieces.

Inventory:

Hand Weapons
 a - a +0 war axe (weapon)
Armour
 b - a +0 scale mail (worn)
 c - a +0 buckler (worn)
 n - a +0 cloak (worn)
Jewellery
 l - a ring of willpower (left hand)
Wands
 m - a wand of roots (11)
Scrolls
 f - a scroll of silence
 g - a scroll of immolation
Potions
 e - a potion of haste
 h - a potion of attraction
 i - a potion of curing {unknown}
 j - a potion of brilliance {unknown}


   Skills:
 - Level 3.2 Fighting
 + Level 4.3 Axes
 - Level 3.2 Armour
 - Level 4.0 Shields


You had 3 spell levels left.
You didn't know any spells.
Your spell library contained the following spells:

 Spells                   Type           Power      Damage    Failure   Level
 Scorch                   Fire           0%         2d5       91%         2
 Call Canine Familiar     Summ           0%         N/A       99%         3
 Gell's Gravitas          Tloc           0%         N/A       99%         3
 Lesser Beckoning         Tloc           0%         N/A       99%         3
 Ozocubu's Armour         Ice            0%         N/A       99%         3
 Portal Projectile        Hex/Tloc       0%         N/A       99%         3
 Teleport Other           Tloc           0%         N/A       99%         3
 Flame Wave               Conj/Fire      0%         2d4       100%        4
 Leda's Liquefaction      Hex/Erth       0%         N/A       100%        4
 Summon Cactus Giant      Summ           0%         N/A       100%        6
 Ozocubu's Refrigeration  Ice            0%         4d7       100%        7


Dungeon Overview and Level Annotations

Branches:
Dungeon (3/15)

Altars:

Shops:
D:1 (


Innate Abilities, Weirdness & Mutations

You cannot be hasted, slowed, berserked, paralysed or teleported.
You can dig through walls and to a lower floor.
You have a pair of large antennae on your head. (SInv)
Your four strong arms can wield two-handed weapons with a shield.


Message History

Unknown command.
You barely miss the gnoll. You hit the frilled lizard.
You barely miss the gnoll. You hit the gnoll.
The gnoll hits you with a +2 halberd of protection.
The gnoll closely misses you. The frilled lizard barely misses you.
The gnoll hits you with a +0 club.
You hit the gnoll but do no damage. You barely miss the gnoll.
You hit the frilled lizard.
You kill the frilled lizard!
You barely miss the gnoll. The gnoll hits you but does no damage.
The gnoll barely misses you. The gnoll hits you but does no damage.
The gnoll hits you with a +0 club. You block the gnoll's attack.
The gnoll barely misses you.
Your Axes skill increases to level 4!
You have reached level 4!
You feel stronger.
Unknown command.
You barely miss the gnoll. You hit the gnoll. x2
You kill the gnoll!
The gnoll hits you but does no damage.
The gnoll hits you with a +2 halberd of protection.
* * * LOW HITPOINT WARNING * * *
Unknown command.
Unknown command.
You barely miss the gnoll. You hit the gnoll.
You kill the gnoll!
You block the gnoll's attack.
Unknown command.
Press: ? - help, v - describe, . - travel
Here: a gnoll, wielding a +2 halberd of protection The floor.
You feel very mighty all of a sudden. You block the gnoll's attack.
Unknown command.
You hit the gnoll.
The gnoll is moderately wounded.
The gnoll hits you with a +2 halberd of protection!
* * * LOW HITPOINT WARNING * * *
The gnoll hits you with a +2 halberd of protection!
You die...

.........
.......
......
#....##
#.....#
#.....#
#.g...#
#####)@...#
#.....)...#
#.###.....#
#..<#......
#.#########
#. #


You could see a gnoll.

Vanquished Creatures
  2 gnolls (D:3)
  4 bats
  2 endoplasms (D:2)
  2 goblins
  3 hobgoblins
  3 jackals (D:2)
  8 kobolds
  2 quokkas (D:1)
  8 ball pythons
  2 frilled lizards
  9 rats
45 creatures vanquished.

Vanquished Creatures (collateral kills)
  A giant cockroach (D:2)
1 creature vanquished.

Vanquished Creatures (others)
  A demonic plant (D:1)
  A fungus (D:1)
  A plant (D:1)
  A withered plant (D:1)
4 creatures vanquished.

Grand Total: 50 creatures vanquished

Notes
Turn   | Place    | Note
-------+----------+-------------------------------------------
     0 | D:1      | ytrimaz the Formicid Fighter began the quest for the Orb.
     0 | D:1      | Reached XP level 1. HP: 18/18 MP: 1/1
   114 | D:1      | Reached XP level 2. HP: 20/24 MP: 2/2
   164 | D:1      | Found Oxkai's Weapon Boutique.
   442 | D:1      | Found a faded altar of an unknown god.
   649 | D:1      | Reached XP level 3. HP: 29/29 MP: 3/3
  1582 | D:3      | Reached XP level 4. HP: 11/35 MP: 4/4
  1585 | D:3      | HP: 1/35 [gnoll/+2 halberd of protection (9)]
  1585 | D:3      | Mangled by a gnoll

Illustrated notes

Levels and vault maps discovered:
D:1:      ncdulo_wetmaze, layout_loops_ring, serial_shops, nicolae_square_shop,
          shapermc_ecumenical_altar_gd, minivault_23
D:2:      layout_loops_ring
D:3:      layout_basic, mainiacjoe_overflow_paths,
          mainiacjoe_overflow_big_doors, kennysheep_crisscross

Skill      XL: |  1  2  3 |
---------------+----------+-----
Axes           | 3 4 |  4.3
Fighting       | |  3.2
Armour         | |  3.2
Shields        | |  4.0

Action                   |  1- 3 |  4- 6 || total
-------------------------+-------+-------++-------
Melee: War axe           |    90 |     3 ||    93
  Use: Scroll            |     9 |       ||     9
       Potion            |       |     1 ||     1
Armor: Scale mail        |    46 |     1 ||    47
Dodge: Dodged            |    50 |       ||    50
Block: Buckler           |    27 |     2 ||    29

Table legend: (Time is in decaauts)
 A = Elapsed time spent in this place.
 B = Non-inter-level travel time spent in this place.
 C = Inter-level travel time spent in this place.
 D = Time resting spent in this place.
 E = Time spent auto-exploring this place.
 F = Levels seen in this place.
 G = Mean time per level.
                   A        B        C        D        E       F      G
               +--------+--------+--------+--------+--------+-----+--------+
         Total |   1627 |   1607 |     20 |     43 |   1180 |   3 |  542.3 |
       Dungeon |   1627 |   1607 |     20 |     43 |   1180 |   3 |  542.3 |
               +--------+--------+--------+--------+--------+-----+--------+

Top non-repeatable levels by time:
     D:2: 835 daAuts
     D:1: 776 daAuts
     D:3: 16 daAuts
